AoeStats
← Captain Price

Arena

509534806Analyzed
1v1 RM · 4d ago on Sep 27, 2026· 26m 59s· 2 players
Game mode
Random Map
Map size
Tiny (2 player)
Population
200
Speed
Normal
Resources
Standard
Victory
Conquest
Starting age
Dark Age
Ending age
Imperial Age
RankedLock teamsTeams togetherTeam positionsShared explorationLock speedFull tech treeHidden civsTurbo modeCheats
Victory
Defeat
🇳🇱 Magyars · Netherlands
830
+13
🇵🇰 Byzantines · Pakistan
771
-13
SmellyMcSmonker
11:05 Feudal Age
12:12 Double-Bit Axe
15:54 Castle Age
15:57 Horse Collar
19:01 Loom
19:18 Horse Collar
21:18 Gold Mining
22:56 Corvinian Army
23:29 Heavy Plow
24:43 Scale Barding Armor
25:47 Chain Barding Armor
26:40 Bow Saw
Captain Price
1:08 Loom
12:57 Feudal Age
14:16 Loom
17:13 Castle Age
16:28 Double-Bit Axe
16:26 Horse Collar
18:28 Wheelbarrow
Connection lost

Rejoining the realm…

Still unreachable

The connection could not be restored.

Session expired

The server has moved on; the page needs a fresh start.